 Dungeon Crawl Stone Soup version 0.30.0-20-g3615ddf2f0 (webtiles) character file.

Game seed: 3146802201973996137

254 qw the Chopper (level 6, 0/38 HPs)
             Began as a Gargoyle Fighter on May 31, 2023.
             Slain by an orc warrior
             ... wielding a +0 mace of venom
              (2 damage)
             ... on level 4 of the Dungeon.
             The game lasted 00:01:40 (3069 turns).

qw the Chopper (Gargoyle Fighter)                   Turns: 3069, Time: 00:01:40

Health: 0/38       AC: 14    Str: 22    XL:     6   Next: 14%
Magic:  6/6        EV:  8    Int:  8    God:
Gold:   157        SH:  4    Dex:  9    Spells: 5/5 levels left

rFire   . . .        Y - +0 war axe
rCold   . . .        c - +0 buckler
rNeg    + . .        l - +0 chain mail
rPois   inf          (no helmet)
rElec   +            (no cloak)
rCorr   .            a - +0 pair of gloves
SInv    .            (no boots)
Will    .....        (no amulet) Stlth
                     (no ring)
HPRegen 0.26/turn    (no ring)
MPRegen 0.10/turn

%: no passive effects
@: about to teleport
A: sickness immunity, AC +4, negative energy resistance 1, electricity
resistance, torment resistance 1, petrification resistance
a: no special abilities


You were on level 4 of the Dungeon.
You visited 1 branch of the dungeon, and saw 4 of its levels.

You collected 215 gold pieces.
You spent 58 gold pieces at shops.


Innate Abilities, Weirdness & Mutations

You are immune to sickness and miasma.
Your stone body is resilient. (AC +4)
You are immune to poison.
You resist negative energy. (rN+)
You are resistant to electric shocks. (rElec)
You are resistant to unholy torment.
You are immune to petrification.


   Skills:
 - Level 4.0 Fighting
 + Level 5.4 Axes
 - Level 3.2 Armour
 - Level 3.2 Shields


You had 5 spell levels left.
You didn't know any spells.
Your spell library was empty.

Inventory:

Hand Weapons
 j - a +0 whip of venom
 Y - a +0 war axe (weapon)
Armour
 a - a +0 pair of gloves (worn)
 c - a +0 buckler (worn)
 l - a +0 chain mail (worn)
Scrolls
 h - a scroll of teleportation
 m - a scroll of identify
Potions
 b - a potion of invisibility {unknown}
 d - a potion of might
 e - a potion of attraction {unknown}
 f - 2 potions of lignification {unknown}
 g - a potion of mutation {unknown}
 i - a potion of curing {unknown}
 k - a potion of degeneration {unknown}

Dungeon Overview and Level Annotations

Branches:
Dungeon (4/15)
 Temple: D:4-7

Altars:

Shops:
D:3 [


Message History

You block the orc warrior's attack.
The orc shouts!
You hit the orc warrior but do no damage.
The orc throws a boomerang.
You block the boomerang.
The orc warrior hits you with a +0 mace of venom.
You closely miss the orc warrior.
The orc warrior hits you with a +0 mace of venom!
You barely miss the orc warrior.
The orc warrior hits you with a +0 mace of venom. x2
The orc barely misses you.
You hit the orc warrior but do no damage.
You barely miss the orc. The orc barely misses you.
You block the orc warrior's attack.
You closely miss the orc warrior. You closely miss the orc.
The orc hits you but does no damage. The orc warrior closely misses you.
You hit the orc warrior but do no damage.
You hit the orc. The orc hits you but does no damage.
The orc warrior hits you with a +0 mace of venom.
You barely miss the orc.
The orc is severely wounded.
You hit the orc warrior but do no damage.
The orc completely misses you. The orc warrior completely misses you.
The orc warrior hits you but does no damage.
You block the orc's attack.
You slash the orc!
You kill the orc!
You hit the orc warrior.
The orc warrior hits you with a +0 mace of venom.
3067 ||| READING 2 scrolls of teleportation.
As you read the scroll of teleportation, it crumbles to dust.
You feel strangely unstable.
The orc warrior hits you with a +0 mace of venom.
You hit the orc warrior.
The orc warrior is heavily wounded.
You block the orc warrior's attack.
You hit the orc warrior but do no damage.
The orc warrior is heavily wounded.
The orc warrior hits you with a +0 mace of venom.
You die...

#.....# ####..#
.####..## #
#......... #.
######.... #!##
####) ... #.
#o######### #.
#.@)......##### #.
#)#######.#...####.
... #.#.#..%...
#### #.#...##.#.
#.##.##.###
#.##.#.## #
#.##.##.###
#........#.
#########.#


You could see an orc warrior.

Vanquished Creatures
  An orc priest (D:4)
  A jelly (D:4)
  8 adders
  3 worms
  5 dart slugs
  4 orcs (D:4)
  9 ball pythons
  3 endoplasms
  3 giant cockroaches
  14 goblins
  10 hobgoblins
  11 jackals
  8 kobolds
  4 quokkas
  6 frilled lizards
  6 rats
96 creatures vanquished.

Notes
Turn   | Place    | Note
-------+----------+-------------------------------------------
     0 | D:1      | qw the Gargoyle Fighter began the quest for the Orb.
     0 | D:1      | Reached XP level 1. HP: 14/14 MP: 1/1
     0 | D:1      | 0 ||| qw: Version: 0.2-a-102-gfc559e5
     0 | D:1      | 0 ||| qw: Game counter: 613
     0 | D:1      | 0 ||| qw: Always use a shield: true
     0 | D:1      | 0 ||| qw: God list: Okawaru
     0 | D:1      | 0 ||| qw: Allow faded altars: false
     0 | D:1      | 0 ||| qw: Do Orc after D:15 true
     0 | D:1      | 0 ||| qw: Do second Lair branch before Depths: true
     0 | D:1      | 0 ||| qw: Lair rune preference: random
     0 | D:1      | 0 ||| qw: Plans: Normal, Zot:1-4, Slime:5, God:TSO, Crypt,
                  | Tomb, Pan, Hells, Abyss, Win
     0 | D:1      | 0 ||| PLANNING D:1-11
     7 | D:1      | 7 ||| Stepping ~*~*~tactically~*~*~ (water).
    11 | D:1      | Reached skill level 2 in Axes
    32 | D:1      | Reached XP level 2. HP: 19/19 MP: 2/2
   537 | D:1      | Found a faded altar of an unknown god.
   603 | D:1      | Reached skill level 3 in Axes
   703 | D:1      | Reached XP level 3. HP: 23/23 MP: 3/3
   770 | D:1      | 770 ||| READING scroll labelled DOWIOR ITECINT.
   852 | D:2      | 852 ||| Stepping ~*~*~tactically~*~*~ (hiding).
  1059 | D:2      | 1059 ||| Stepping ~*~*~tactically~*~*~ (hiding).
  1062 | D:2      | Reached XP level 4. HP: 28/28 MP: 4/4
  1345 | D:2      | Reached skill level 4 in Axes
  1399 | D:2      | 1399 ||| Stepping ~*~*~tactically~*~*~ (stealth).
  1538 | D:2      | 1538 ||| Stepping ~*~*~tactically~*~*~ (stealth).
  1546 | D:2      | 1546 ||| Stepping ~*~*~tactically~*~*~ (stealth).
  1819 | D:2      | 1819 ||| DROPPING scarf of shadows.
  1820 | D:2      | 1820 ||| READING 2 scrolls labelled KEMAVI ORHO.
  1821 | D:2      | 1821 ||| READING 3 scrolls labelled ICLULA QELUTS.
  1824 | D:2      | 1824 ||| READING scroll labelled VUMOHE QE YSURCH.
  1825 | D:2      | 1825 ||| DROPPING scroll of amnesia.
  1883 | D:3      | Reached XP level 5. HP: 32/32 MP: 5/5
  1973 | D:3      | Found Quosiodu's Armour Shop.
  1976 | D:3      | 1976 ||| BUYING +0 chain mail (58 gold).
  1976 | D:3      | Bought a +0 chain mail for 58 gold pieces
  1976 | D:3      | 1976 ||| SHOPLISTING +0 chain mail of fire resistance (149
                  | gold, have 99).
  1976 | D:3      | 1976 ||| SHOPLISTING +0 plate armour (299 gold, have 99).
  1976 | D:3      | 1976 ||| SHOPLISTING +1 plate armour of fire resistance
                  | (455 gold, have 99).
  1976 | D:3      | 1976 ||| SHOPLISTING +2 chain mail of poison resistance
                  | (240 gold, have 99).
  1976 | D:3      | 1976 ||| SHOPLISTING +2 plate armour of fire resistance
                  | (520 gold, have 99).
  1976 | D:3      | 1976 ||| SHOPLISTING +3 chain mail of fire resistance (344
                  | gold, have 99).
  2163 | D:3      | 2163 ||| Stepping ~*~*~tactically~*~*~ (stealth).
  2235 | D:3      | 2235 ||| Stepping ~*~*~tactically~*~*~ (hiding).
  2241 | D:3      | Reached skill level 5 in Axes
  2667 | D:3      | 2667 ||| UPGRADING to +0 pair of gloves.
  2672 | D:3      | 2672 ||| UPGRADING to +0 chain mail.
  2682 | D:3      | 2682 ||| DROPPING +0 scale mail.
  2683 | D:3      | 2683 ||| READING scroll labelled MIOGHA KYIS.
  2705 | D:4      | 2705 ||| Stepping ~*~*~tactically~*~*~ (hiding).
  2727 | D:4      | 2727 ||| Stepping ~*~*~tactically~*~*~ (stealth).
  2794 | D:4      | 2794 ||| Stepping ~*~*~tactically~*~*~ (hiding).
  2796 | D:4      | 2796 ||| Stepping ~*~*~tactically~*~*~ (hiding).
  2811 | D:4      | Reached XP level 6. HP: 31/38 MP: 6/6
  2834 | D:4      | 2834 ||| Stepping ~*~*~tactically~*~*~ (stealth).
  2838 | D:4      | 2838 ||| Stepping ~*~*~tactically~*~*~ (hiding).
  2841 | D:4      | 2841 ||| Stepping ~*~*~tactically~*~*~ (hiding).
  2842 | D:4      | 2842 ||| Stepping ~*~*~tactically~*~*~ (hiding).
  2952 | D:4      | 2952 ||| DROPPING +0 whip.
  3035 | D:4      | 3035 ||| Stepping ~*~*~tactically~*~*~ (stealth).
  3055 | D:4      | Noticed an orc warrior
  3066 | D:4      | HP: 7/38 [orc warrior/+0 mace of venom (5)]
  3067 | D:4      | 3067 ||| READING 2 scrolls of teleportation.
  3067 | D:4      | HP: 2/38 [orc warrior/+0 mace of venom (5)]
  3069 | D:4      | Slain by an orc warrior

Levels and vault maps discovered:
D:1:      reono_arrival_forest_river, layout_rooms,
          shapermc_ecumenical_altar_hornbeckon, serial_aquarium,
          aquarium_bridge_long_joined [aquarium_subvault_window,
          aquarium_subvault_window, aquarium_subvault_bridge,
          aquarium_subvault_wall, aquarium_subvault_bridge,
          aquarium_subvault_wall], aquarium_bridge_square
          [aquarium_subvault_wall, aquarium_subvault_bridge,
          aquarium_subvault_wall, aquarium_subvault_window], aquarium_window_1,
          aquarium_window_fake, aquarium_window_1, aquarium_view_2g,
          aquarium_balcony_3a, aquarium_pool_five
D:2:      cheibrodos_greedy_goblins, layout_loops_ring, st_stairs_2
D:3:      layout_loops_ring, serial_shops, shop, nicolae_half_adder
D:4:      layout_loops_ring

Skill      XL: |  1  2  3  4  5 |
---------------+----------------+-----
Axes           | 2 3 4 5 |  5.4
Fighting       | 4 |  4.0
Armour         | |  3.2
Shields        | |  3.2

Action                     |  1- 3 |  4- 6 || total
---------------------------+-------+-------++-------
  Melee: War axe           |    94 |   179 ||   273
    Use: Scroll            |     1 |     5 ||     6
 Armour: Scale mail        |    56 |    50 ||   106
         Chain mail        |       |    26 ||    26
  Dodge: Dodged            |    46 |    69 ||   115
  Block: Buckler           |    18 |    35 ||    53

Table legend:
 A = Non-vault XP
 B = Vault XP
 C = Vault XP percentage of total XP
 D = Non-vault monster count
 E = Vault monster count
 F = Vault count percentage of total count
                 A         B        C        D         E       F
            +---------+---------+-------+---------+---------+-------
      Total |     282 |      81 |  22.3 |      77 |      19 |  19.8
            +---------+---------+-------+---------+---------+-------
        D:1 |      35 |       0 |   0.0 |      19 |       0 |   0.0
        D:2 |     100 |      28 |  21.9 |      32 |      15 |  31.9
        D:3 |      20 |      53 |  72.6 |       9 |       4 |  30.8
        D:4 |     127 |       0 |   0.0 |      17 |       0 |   0.0
            +---------+---------+-------+---------+---------+-------
